[Event "Isey Skyr Open 2019"]
[Site "Selfoss"]
[Date "2019.11.20"]
[Round "2.2"]
[White "Khademalsharieh, Sarasadat"]
[Black "Steingrimsson, Hedinn"]
[Result "1-0"]
[ECO "D45"]
[WhiteElo "2491"]
[BlackElo "2549"]
[Annotator "ChessBase"]
[PlyCount "51"]
[EventDate "2019.11.21"]
[EventType "swiss"]
[EventCountry "ISL"]
[SourceTitle "playchess.com"]
[Source "ChessBase"]
[SourceQuality "1"]
[TimeControl "40/5400+30:900+30"]

1. d4 Nf6 2. c4 e6 3. Nf3 d5 4. Nc3 c6 5. e3 Nbd7 6. Qc2 Bd6 7. b3 O-O 8. Be2 b6 9. O-O Bb7 10. Bb2 Qe7 11. Rad1 Rad8 12. e4 Nxe4 13. Nxe4 dxe4 14. Qxe4 f5 15. Qc2 Nf6 16. Ne5 c5 17. Qc1 Qc7 18. Qe3 Ne4 19. f4 g5 20. Bd3 cxd4 21. Bxd4 gxf4 22. Qxf4 Rf7 23. Bxe4 Bxe4 24. Qh6 Re7 25. Qf6 Bc5 26. Nf7 1-0

[Event "Isey Skyr Open 2019"]
[Site "Selfoss"]
[Date "2019.11.20"]
[Round "2.3"]
[White "Lomasov, Semyon"]
[Black "Zhigalko, Sergei"]
[Result "1-0"]
[ECO "B51"]
[WhiteElo "2553"]
[BlackElo "2574"]
[Annotator "ChessBase"]
[PlyCount "73"]
[EventDate "2019.11.21"]
[EventType "swiss"]
[EventCountry "ISL"]
[SourceTitle "playchess.com"]
[Source "ChessBase"]
[SourceQuality "1"]
[TimeControl "40/5400+30:900+30"]

1. e4 c5 2. Nf3 Nc6 3. Bb5 d6 4. O-O Bd7 5. Re1 Nf6 6. c3 a6 7. Bf1 Bg4 8. d4 cxd4 9. cxd4 e5 10. d5 Nd4 11. Be3 Be7 12. Bxd4 exd4 13. Qxd4 O-O 14. Nfd2 Nd7 15. e5 Bf5 16. exd6 Bxd6 17. Nc4 Bc5 18. Qf4 Bg6 19. Nc3 b5 20. Nd2 Nf6 21. Nb3 Bd6 22. Qd4 Qd7 23. Bd3 b4 24. Ne4 Bxe4 25. Bxe4 a5 26. Bf3 a4 27. Nd2 Rac8 28. Rac1 Rc7 29. g3 Rfc8 30. Rc6 a3 31. Nc4 Bxg3 32. Nb6 Bxh2+ 33. Kxh2 Qf5 34. Nxc8 Qxf3 35. Rxc7 h5 36. bxa3 h4 37. Ne7+ 1-0

[Event "Isey Skyr Open 2019"]
[Site "Selfoss"]
[Date "2019.11.20"]
[Round "2.4"]
[White "Antipov, Mikhail Al."]
[Black "Stefansson, Hannes"]
[Result "1-0"]
[ECO "C42"]
[WhiteElo "2558"]
[BlackElo "2546"]
[Annotator "ChessBase"]
[PlyCount "85"]
[EventDate "2019.11.21"]
[EventType "swiss"]
[EventCountry "ISL"]
[SourceTitle "playchess.com"]
[Source "ChessBase"]
[SourceQuality "1"]
[TimeControl "40/5400+30:900+30"]

1. e4 e5 2. Nf3 Nf6 3. Nxe5 d6 4. Nd3 Nxe4 5. Qe2 Qe7 6. Nf4 Nf6 7. d4 Qxe2+ 8. Bxe2 d5 9. Nc3 c6 10. Bd3 Bd6 11. f3 b6 12. Kf2 O-O 13. g4 Ba6 14. Nce2 Bxd3 15. Nxd3 Na6 16. Bf4 Rfd8 17. a4 Bxf4 18. Nexf4 Nd7 19. a5 b5 20. c3 Rac8 21. Rae1 Kf8 22. h4 c5 23. Nxd5 cxd4 24. cxd4 Nf6 25. Nxf6 gxf6 26. Rc1 Rc4 27. Nc5 Nxc5 28. dxc5 Rd2+ 29. Ke3 Rdc2 30. Rxc2 Rxc2 31. b4 Rc4 32. Rb1 Ke7 33. h5 h6 34. Rb3 f5 35. gxf5 Rh4 36. a6 Rxh5 37. Ke4 Rh1 38. Kd5 Kd7 39. Ke5 Ke7 40. Re3 Ra1 41. Kd5+ Kd7 42. c6+ Kd8 43. f6 1-0

[Event "Isey Skyr Open 2019"]
[Site "Selfoss"]
[Date "2019.11.20"]
[Round "2.5"]
[White "Adly, Ahmed"]
[Black "Saduakassova, Dinara"]
[Result "1-0"]
[ECO "A34"]
[WhiteElo "2607"]
[BlackElo "2505"]
[Annotator "RC"]
[PlyCount "77"]
[EventDate "2019.11.21"]
[EventType "swiss"]
[EventCountry "ISL"]
[SourceTitle "playchess.com"]
[Source "ChessBase"]
[SourceQuality "1"]
[TimeControl "40/5400+30:900+30"]

1. Nf3 Nf6 2. c4 c5 3. Nc3 Nc6 4. b3 d5 5. cxd5 Nxd5 6. Bb2 e5 7. e3 Nxc3 8. Bxc3 e4 9. Ne5 Nxe5 10. Bxe5 Qg5 11. Bb2 Bd7 12. h4 Qh6 13. Qc2 Bc6 14. O-O-O O-O-O 15. g4 Qd6 16. d4 Be7 17. Bc4 cxd4 18. Rxd4 Qc7 19. Rxd8+ Rxd8 20. Bxg7 f6 21. Kb1 Bb4 22. Be6+ Kb8 23. Bh6 Rd2 24. Qc4 Qa5 25. Bf4+ Ka8 26. a4 Ba3 27. Bf5 Qd8 28. Bxe4 Bxe4+ 29. Qxe4 Qg8 30. Qc4 Qxg4 31. Bg3 Qxc4 32. bxc4 h5 33. f3 b6 34. Bf4 Rb2+ 35. Ka1 Rf2 36. Rd1 Rxf3 37. Rd8+ Kb7 38. Rd7+ Kc6 39. Rc7# 1-0

[Event "Isey Skyr Open 2019"]
[Site "Selfoss"]
[Date "2019.11.29"]
[Round "7.1"]
[White "Kjartansson, David"]
[Black "Gretarsson, Hjorvar Steinn"]
[Result "0-1"]
[ECO "E11"]
[WhiteElo "2385"]
[BlackElo "2568"]
[Annotator "RC"]
[PlyCount "62"]
[EventDate "2019.11.21"]
[EventType "swiss"]
[EventCountry "ISL"]
[SourceTitle "playchess.com"]
[Source "ChessBase"]
[SourceQuality "1"]
[TimeControl "40/5400+30:900+30"]

1. d4 Nf6 2. c4 e6 3. Nf3 Bb4+ 4. Nbd2 d5 5. Qa4+ Nc6 6. a3 Bxd2+ 7. Bxd2 Ne4 8. e3 O-O 9. Bd3 Nxd2 10. Nxd2 dxc4 11. Be4 e5 12. Bxc6 bxc6 13. O-O exd4 14. Nxc4 Be6 15. Rfd1 c5 16. Rac1 Qg5 17. h4 Qxh4 18. exd4 Rad8 19. Ne5 Bd5 20. Rxc5 Qe4 21. Nf3 Rd6 22. Qc2 Qxc2 23. Rxc2 Bb3 24. Rdc1 Bxc2 25. Rxc2 c6 26. Kf1 Re8 27. Rc4 f6 28. Nd2 Rde6 29. g3 Re2 30. Nf3 Rxb2 31. Rxc6 Ree2 0-1

[Event "Isey Skyr Open 2019"]
[Site "Selfoss"]
[Date "2019.11.29"]
[Round "7.2"]
[White "Stefansson, Vignir Vatnar"]
[Black "Gunnarsson, Jon Viktor"]
[Result "1/2-1/2"]
[ECO "E05"]
[WhiteElo "2338"]
[BlackElo "2439"]
[Annotator "ChessBase"]
[PlyCount "30"]
[EventDate "2019.11.21"]
[EventType "swiss"]
[EventCountry "ISL"]
[SourceTitle "playchess.com"]
[Source "ChessBase"]
[SourceQuality "1"]
[TimeControl "40/5400+30:900+30"]

1. Nf3 Nf6 2. d4 e6 3. g3 d5 4. c4 Be7 5. Bg2 O-O 6. O-O dxc4 7. Qc2 a6 8. Qxc4 b5 9. Qc2 Bb7 10. Bd2 Bd6 11. Re1 Be4 12. Qc1 Bb7 13. Qc2 Be4 14. Qc1 Bb7 15. Qc2 Be4 1/2-1/2

[Event "Isey Skyr Open 2019"]
[Site "Selfoss"]
[Date "2019.11.29"]
[Round "7.3"]
[White "Kjartansson, Gudmundur"]
[Black "Thorfinnsson, Bragi"]
[Result "1/2-1/2"]
[ECO "B72"]
[WhiteElo "2454"]
[BlackElo "2446"]
[Annotator "ChessBase"]
[PlyCount "138"]
[EventDate "2019.11.21"]
[EventType "swiss"]
[EventCountry "ISL"]
[SourceTitle "playchess.com"]
[Source "ChessBase"]
[SourceQuality "1"]
[TimeControl "40/5400+30:900+30"]

1. e4 c5 2. Nf3 d6 3. d4 cxd4 4. Nxd4 Nf6 5. Nc3 g6 6. Be3 a6 7. f3 Nbd7 8. Qd2 b5 9. a4 b4 10. Nd5 Nxd5 11. exd5 Bb7 12. Nc6 Qc7 13. Bd4 f6 14. Nxb4 a5 15. Nc6 Bxc6 16. dxc6 Qxc6 17. Bb5 Qb7 18. O-O e5 19. Be3 Be7 20. Ra3 d5 21. Rb3 d4 22. Rd1 Qd5 23. Qe2 Rc8 24. Rc3 Rc5 25. Rxc5 Bxc5 26. c3 Kd8 27. Bxd7 Kxd7 28. Qb5+ Ke6 29. cxd4 Bxd4 30. Qa6+ Kf7 31. Bxd4 Rd8 32. Qa7+ Rd7 33. Qb6 exd4 34. Rd3 Qc4 35. Qb5 Qxb5 36. axb5 Ke6 37. Kf1 Kd5 38. Ra3 Kc4 39. Rxa5 Kd3 40. b3 Rb7 41. Ke1 Kc2 42. Ra4 Re7+ 43. Kf2 d3 44. Rc4+ Kxb3 45. Rd4 Kc3 46. Rd6 Re2+ 47. Kf1 Rb2 48. Rc6+ Kd4 49. Rd6+ Ke3 50. Re6+ Kd2 51. b6 f5 52. Rc6 Ke3 53. Re6+ Kd2 54. Rc6 Kd1 55. Rc3 d2 56. Rc6 Rc2 57. Rd6 Rb2 58. Rc6 Rb1 59. Kf2 f4 60. h4 Rb5 61. Rf6 Rb2 62. Rc6 h5 63. Rxg6 Kc1 64. Rc6+ Rc2 65. Rxc2+ Kxc2 66. b7 d1=Q 67. b8=Q Qd2+ 68. Kf1 Qd1+ 69. Kf2 Qd2+ 1/2-1/2

[Event "Isey Skyr Open 2019"]
[Site "Selfoss"]
[Date "2019.11.29"]
[Round "7.4"]
[White "Gislason, Gudmundur"]
[Black "Hardarson, Petur Palmi"]
[Result "0-1"]
[ECO "B06"]
[WhiteElo "2336"]
[BlackElo "1993"]
[Annotator "NA"]
[PlyCount "71"]
[EventDate "2019.11.21"]
[EventType "swiss"]
[EventCountry "ISL"]
[SourceTitle "playchess.com"]
[Source "ChessBase"]
[SourceQuality "1"]
[TimeControl "40/5400+30:900+30"]

1. d4 Nf6 2. g3 g6 3. Bg2 Bg7 4. e4 d6 5. Ne2 O-O 6. h3 {[%emt 0:00:55] B06: Modern Defence} (6. Nbc3 e5 7. h3 exd4 8. Nxd4 Bd7 9. O-O Nc6 10. Nb3 Re8 11. Re1 a6 12. a4 Be6 13. Nd5 Ne5 14. Nd4 Bd7 15. Bg5 c6 16. Nxf6+ Bxf6 17. Bxf6 Qxf6 {1-0 (66) Zubov,A (2612)-Demchenko,A (2645) Konya 2017}) 6... c5 7. d5 Na6 8. O-O Rb8 9. a4 Nc7 10. Na3 Nd7 $146 ({Predecessor:} 10... b6 11. c3 Bd7 12. Re1 a6 13. Rb1 b5 14. axb5 Nxb5 {½-½ (57) Slogar,D (2330)-Horvath,T (2416) Sentjur 2009}) 11. Nc4 a6 12. Bd2 Ne5 13. Nxe5 Bxe5 14. Qc1 b5 15. Bh6 Bg7 16. Bxg7 Kxg7 17. f4 Na8 18. axb5 axb5 19. f5 Nb6 20. Kh1 $11 Nc4 21. Ra7 Bd7 22. b4 cxb4 23. Nd4 Ra8 24. Qa1 Ne5 25. Rb1 Rxa7 26. Qxa7 Qa8 27. Ra1 Qxa7 28. Rxa7 Rc8 29. Bf1 gxf5 30. exf5 Rc5 31. Ne6+ fxe6 32. fxe6 Be8 33. Rxe7+ Kf8 34. Rxh7 Rc4 35. c3 Rxc3 36. Rh8+ {[%emt 0:00:00] Rc2} 0-1

[Event "Isey Skyr Open 2019"]
[Site "Selfoss"]
[Date "2019.11.29"]
[Round "7.5"]
[White "Petursson, Gudni"]
[Black "Gardarsson, Hordur"]
[Result "1-0"]
[ECO "E60"]
[WhiteElo "2045"]
[BlackElo "1586"]
[Annotator "NA"]
[PlyCount "97"]
[EventDate "2019.11.21"]
[EventType "swiss"]
[EventCountry "ISL"]
[SourceTitle "playchess.com"]
[Source "ChessBase"]
[SourceQuality "1"]
[TimeControl "40/5400+30:900+30"]

1. Nf3 c5 2. c4 Nc6 3. g3 g6 4. Bg2 Bg7 5. O-O Nf6 6. Nc3 O-O 7. d4 cxd4 8. Nxd4 a6 9. e3 Qc7 10. b3 d6 11. Bb2 Bd7 12. Rc1 Qa5 13. Qd2 Rac8 14. Rfd1 Qh5 15. Nde2 g5 16. Nd4 Bh3 17. f3 Bxg2 18. Kxg2 Qg6 19. g4 e6 20. Qd3 Ne5 21. Qxg6 Nxg6 22. Ba3 Rfd8 23. Nde2 Bf8 24. Ng3 d5 25. Bxf8 Kxf8 26. cxd5 exd5 27. Nce2 Ne7 28. Nd4 Nc6 29. Nxc6 bxc6 30. Nf5 Ne8 31. Rc5 Ng7 32. Nd4 Rd6 33. Rdc1 Ne6 34. Rxc6 Rdxc6 35. Rxc6 Rxc6 36. Nxc6 Ke8 37. Kf2 f6 38. Ke2 Nc7 39. Kd3 Kd7 40. Nd4 Kd6 41. b4 h6 42. a4 Kd7 43. Nf5 Ne6 44. Nxh6 a5 45. bxa5 Nc5+ 46. Kd4 Kc6 47. Ng8 Nb3+ 48. Kc3 Nxa5 49. Nxf6 1-0